 Dungeon Crawl Stone Soup version 0.20.0-8-g6b59dc7 (webtiles) character file.

1430 MDvedh the Cleaver (level 8, -6/63 HPs)
             Began as a Minotaur Summoner on June 1, 2017.
             Was a Priest of Ashenzari.
             Mangled by an orc warrior
             ... wielding a +0 scimitar
              (18 damage)
             ... on level 7 of the Dungeon.
             The game lasted 00:08:49 (6921 turns).

MDvedh the Cleaver (Minotaur Summoner)              Turns: 6921, Time: 00:08:50

Health: -6/63      AC: 14    Str: 16    XL:     8   Next: 45%
Magic:  9/9        EV:  5    Int: 12    God:    Ashenzari [***...]
Gold:   379        SH:  0    Dex: 10    Spells: 9/9 levels left

rFire    . . .     SeeInvis +   t - +0 war axe
rCold    . . .     Gourm    .   (no shield)
rNeg     . . .     Faith    .   m - +0 plate armour
rPois    .         Spirit   .   (helmet restricted)
rElec    .         Reflect  .   j - scarf {repulsion}
rCorr    +         Harm     .   (no gloves)
MR       .....                  i - +2 pair of boots
Stlth    ..........             (no amulet)
Regen    0.2/turn               h - ring of resist corrosion
MPRegen  0.2/turn               (no ring)

@: about to teleport, repel missiles
A: retaliatory headbutt, horns 2
a: Curse Item, Scrying, Renounce Religion


You were on level 7 of the Dungeon.
You worshipped Ashenzari.
Ashenzari was most pleased with you.
You were hungry.

You visited 1 branch of the dungeon, and saw 7 of its levels.

You collected 379 gold pieces.

Inventory:

Hand Weapons
 n - a +2 battleaxe
 o - a +0 mace of protection
 t - a +0 war axe (weapon)
Armour
 i - a +2 pair of boots (worn)
 j - a scarf of repulsion (worn)
 m - a +0 plate armour (worn)
Jewellery
 h - a ring of resist corrosion (left hand)
 s - an uncursed ring of protection from fire
 v - the ring of Untruth {rElec rPois Dex+4 Stlth+}
   (You found it on level 5 of the Dungeon)

   [ring of poison resistance]

   It affects your dexterity (+4).
   It insulates you from electricity.
   It protects you from poison.
   It makes you more stealthy.
 w - a +6 amulet of reflection
Scrolls
 b - a scroll of remove curse
 d - 3 scrolls of enchant armour
 e - a scroll of magic mapping
 g - a scroll of identify
 l - a scroll of fog
 u - 3 scrolls of teleportation
Potions
 f - a potion of lignification
 k - 2 potions of curing
 p - 2 potions of heal wounds
 z - a potion of ambrosia
Comestibles
 a - 4 meat rations
 c - 4 bread rations
 q - 2 royal jellies
 r - a fruit


   Skills:
 - Level 3.4 Fighting
 * Level 9.7(10.3) Axes
 - Level 5.3(8.2) Maces & Flails
 - Level 3.5 Armour
 - Level 2.1 Dodging
 - Level 1.5 Stealth
 - Level 1.3 Spellcasting
   Level 2.9 Summonings


You had 9 spell levels left.
You didn't know any spells.

Dungeon Overview and Level Annotations

Branches:
Dungeon (7/15)             Temple (0/1) D:5

Altars:
Ashenzari
Qazlal

Shops:
D:4 [   D:6 }


Innate Abilities, Weirdness & Mutations

You reflexively headbutt those who attack you in melee.
You have a pair of horns on your head.


Message History

An orc warrior comes into view. It is wielding a flail.
There are monsters nearby!
There are monsters nearby! 2 orcs and an orc priest come into view.
The orc warrior shouts!
The orc priest shouts!
The orc shouts!
The orc wizard casts a spell.
The orc wizard seems to speed up.
The orc priest calls down the wrath of Beogh upon you.
Beogh smites you!
The orc wizard hits you but does no damage.
The orc warrior hits you with a scimitar!
The orc wizard barely misses you.
Unknown command.
As you read the scroll of teleportation, it crumbles to dust.
You feel strangely unstable. The orc wizard hits you with a dagger.
The orc priest calls down the wrath of Beogh upon you.
Beogh smites you!
* * * LOW HITPOINT WARNING * * *
The orc warrior hits you with a scimitar!!
You die...

#........#.#......##..
#.#............#######*,
, #.#............#
#.#...........##
#.#...........#### *,
#................# *
################.# *
...o..##.###.######, ,
*,....ooo@o........... ,
.....o##............
..... #............ , *
.... *#............ , *
### #............ *,*
#............, ***
#............,
#........... ,
############ ,


You could see 2 orc warriors, 2 orc priests, an orc wizard and an orc.

Vanquished Creatures
  A black bear (D:5)
  A phantom (D:4)
  An ogre (D:7)
  The ghost of ThereIsNoGod the Magician, an amateur SpEE (D:3)
  A bullfrog (D:7)
  8 wights
  2 crimson imps (D:5)
  A centaur zombie (D:7)
  A bullfrog skeleton (D:6)
  4 hounds
  2 centaur skeletons
  An iguana (D:5)
  2 worker ants
  2 hound zombies (D:5)
  A howler monkey zombie (D:5)
  7 gnolls (D:6)
  9 adders
  A white imp (D:5)
  2 oozes
  A worm (D:2)
  An adder skeleton (D:7)
  3 dart slugs
  A leopard gecko (D:2)
  7 orcs
  3 giant cockroaches (D:1)
  15 goblins
  14 hobgoblins
  10 jackals
  6 kobolds
  A quokka (D:2)
  4 bats
  5 frilled lizards
  A jackal skeleton (D:4)
  A leopard gecko skeleton (D:4)
  10 rats
131 creatures vanquished.

Notes
Turn   | Place    | Note
-------+----------+-------------------------------------------
     0 | D:1      | MDvedh the Minotaur Summoner began the quest for the Orb.
     0 | D:1      | Reached XP level 1. HP: 14/14 MP: 1/1
   167 | D:1      | Reached skill level 1 in Armour
   175 | D:1      | Reached skill level 1 in Fighting
   351 | D:1      | Reached XP level 2. HP: 21/23 MP: 3/3
   825 | D:2      | Found a faded altar of an unknown god.
   909 | D:2      | Reached skill level 1 in Maces & Flails
  1009 | D:2      | Became a worshipper of Ashenzari the Shackled
  1009 | D:2      | Reached * piety under Ashenzari
  1087 | D:2      | Reached XP level 3. HP: 26/29 MP: 4/4
  1829 | D:2      | Reached XP level 4. HP: 9/37 MP: 5/5
  3054 | D:3      | Reached XP level 5. HP: 22/45 MP: 6/6
  3079 | D:3      | Noticed ThereIsNoGod's ghost (amateur SpEE)
  3437 | D:3      | Killed ThereIsNoGod's ghost
  3437 | D:3      | Reached XP level 6. HP: 25/51 MP: 7/7
  3516 | D:3      | Reached skill level 5 in Maces & Flails
  3910 | D:4      | Reached skill level 1 in Axes
  3923 | D:4      | Reached skill level 3 in Axes
  4318 | D:4      | Found Qobiuh's Antique Armour Boutique.
  4653 | D:4      | Reached skill level 4 in Axes
  4653 | D:4      | Reached XP level 7. HP: 55/57 MP: 8/8
  4700 | D:4      | Reached ** piety under Ashenzari
  4955 | D:5      | Entered Level 5 of the Dungeon
  4999 | D:5      | Found a staircase to the Ecumenical Temple.
  5413 | D:5      | Identified the ring of Untruth {rElec rPois Dex+4 Stlth+}
  5466 | D:5      | Reached skill level 5 in Axes
  5900 | D:6      | Reached skill level 6 in Axes
  6038 | D:5      | Reached skill level 7 in Axes
  6156 | D:6      | Reached XP level 8. HP: 30/63 MP: 9/9
  6161 | D:6      | Reached skill level 8 in Axes
  6428 | D:6      | Found Siynor's Gadget Boutique.
  6619 | D:6      | Reached *** piety under Ashenzari
  6775 | D:7      | Found a stormy altar of Qazlal.
  6817 | D:7      | Reached skill level 9 in Axes
  6921 | D:7      | Mangled by an orc warrior

Skill      XL: |  1  2  3  4  5  6  7  8 |
---------------+-------------------------+-----
Armour         | 1 2 3 |  3.5
Fighting       | 1 2 3 |  3.4
Maces & Flails | 1 2 4 5 |  5.3
Axes           | 4 7 9 |  9.7
Dodging        | |  2.1
Stealth        | |  1.5
Spellcasting   | |  1.3
Summonings     | |  2.9

Action                   |  1- 3 |  4- 6 |  7- 9 || total
-------------------------+-------+-------+-------++-------
Melee: Unarmed           |    35 |       |       ||    35
       Headbutt          |    17 |    25 |    34 ||    76
       Club              |    64 |       |       ||    64
       Mace              |    77 |   185 |    23 ||   285
       Battleaxe         |       |    15 |       ||    15
       War axe           |       |       |   222 ||   222
  Use: Scroll            |       |     8 |     6 ||    14
       Potion            |       |     3 |       ||     3
  Eat: Chunk             |     3 |     6 |     2 ||    11
       Royal jelly       |       |     2 |       ||     2
       Bread ration      |       |       |     1 ||     1
Armor: Chain mail        |   141 |    76 |       ||   217
       Plate armour      |       |    98 |   212 ||   310
       Skin              |       |    10 |       ||    10
Dodge: Dodged            |    54 |    63 |    67 ||   184
       Deflected         |       |     8 |     2 ||    10
